 Dungeon Crawl Stone Soup version 0.18.1-48-g4cf74bf (webtiles) character file.

406 dvd the Ducker (level 6, 0/61 HPs)
             Began as a Troll Berserker on Aug 2, 2016.
             Was a Priest of Trog.
             Slain by a centaur (5 damage)
             ... on level 5 of the Dungeon.
             The game lasted 00:07:20 (3132 turns).

dvd the Ducker (Troll Berserker)                    Turns: 3132, Time: 00:07:21

Health: 0/61       AC:  5    Str: 26    XL:     6   Next: 56%
Magic:  5/5        EV: 16    Int:  4    God:    Trog [***...]
Gold:   220        SH:  0    Dex: 10    Spells: 0 memorised, 5 levels left

rFire  . . .     SeeInvis .     a - +0 mace
rCold  . . .     Gourm    +     b - +0 animal skin
rNeg   . . .     Faith    .     (no shield)
rPois  .         Spirit   .     (helmet restricted)
rElec  .         Dismiss  .     (no cloak)
rCorr  +         Reflect  .     (gloves unavailable)
SustAt .         Harm     .     (boots unavailable)
MR     .....                    (no amulet)
Stlth  +.........               s - ring of resist corrosion
                                g - +5 ring of evasion

@: exhausted, slowed, very slow, not resistant to hostile enchantments, very
unstealthy
A: unfitting armour, claws 3, fast metabolism 3, gourmand, regeneration 2,
shaggy fur 1, tough skin 2
a: Berserk, Trog's Hand, Burn Spellbooks, Renounce Religion


You were on level 5 of the Dungeon.
You worshipped Trog.
Trog was most pleased with you.
You were full.

You visited 1 branch of the dungeon, and saw 5 of its levels.

You collected 220 gold pieces.

Inventory:

Hand Weapons
 a - a +0 mace (weapon)
 j - a +2 spear of flaming
Missiles
 n - 50 stones
 w - 4 tomahawks (quivered)
Armour
 b - a +0 animal skin (worn)
Jewellery
 g - a +5 ring of evasion (left claw)
 l - an uncursed ring of positive energy
 s - a ring of resist corrosion (right claw)
Wands
 y - a wand of digging (16/24)
Scrolls
 d - 2 scrolls of enchant weapon {unknown}
 e - 3 scrolls of teleportation {unknown}
 f - 3 scrolls of remove curse {unknown}
 k - 2 scrolls of recharging {unknown}
 m - 2 scrolls of immolation {unknown}
 o - a scroll of fog {unknown}
 r - a scroll of amnesia {unknown}
 v - 6 scrolls of identify {unknown}
 z - a scroll of blinking {unknown}
 A - a scroll of enchant armour {unknown}
Potions
 h - a potion of haste {unknown}
 p - 2 potions of curing {unknown}
 q - a potion of degeneration {unknown}
 u - a potion of heal wounds {unknown}
 x - a potion of brilliance {unknown}
 C - a potion of magic {unknown}
Comestibles
 c - 3 bread rations
 i - a slice of pizza
 t - 2 meat rations


   Skills:
 + Level 3.1 Fighting
 + Level 4.1 Maces & Flails
 + Level 1.4 Throwing
 + Level 4.6 Dodging
 + Level 0.4 Stealth


You had 5 spell levels left.
You didn't know any spells.

Dungeon Overview and Level Annotations

Branches:
Dungeon (5/15)
 Temple: D:4-7

Altars:
Elyvilon
Fedhas
Trog
Zin


Innate Abilities, Weirdness & Mutations

You are too large for most types of armour.
You have claws for hands.
Your metabolism is lightning-fast.
You like to eat raw meat.
You heal very quickly.
You are covered in fur (AC +1).
You have very tough skin (AC +2).


Message History

The centaur is almost dead.
The centaur barely misses you. x2; The centaur hits you.
You closely miss the centaur.
The centaur is almost dead.
The centaur closely misses you. The centaur barely misses you.
You hit the centaur.
The centaur is almost dead.
The centaur barely misses you. x2; The centaur hits you.
You barely miss the centaur.
The centaur is almost dead.
The centaur hits you. x2
* * * LOW HITPOINT WARNING * * *
The centaur hits you!
* * * LOW HITPOINT WARNING * * *
You hit the centaur but do no damage.
The centaur is almost dead.
The centaur barely misses you. The centaur hits you!
* * * LOW HITPOINT WARNING * * *
The centaur hits you.
You die...

.# #. .# ..
.##. . .$. .#
########.. #..#
#......#.#.....
#......#...#
#...c@(<((#
#..?...#.#..#
#......#... #
########.### .#
##


You could see a centaur.

Vanquished Creatures
  A crimson imp (D:3)
  A hound (D:4)
  A giant frog skeleton (D:4)
  Jessica (D:2)
  2 iguanas (D:4)
  2 worker ants (D:4)
  A hound skeleton (D:4)
  2 gnolls
  9 adders
  A worm (D:2)
  4 dart slugs
  3 giant geckos
  2 orcs
  5 bats
  4 giant cockroaches
  9 goblins
  7 hobgoblins
  3 jackals (D:4)
  9 kobolds
  3 quokkas (D:2)
  A ball python (D:2)
  2 giant newts
  4 rats
77 creatures vanquished.

Vanquished Creatures (others)
  A quokka (D:2)
1 creature vanquished.

Grand Total: 78 creatures vanquished

Notes
Turn   | Place    | Note
--------------------------------------------------------------
     0 | D:1      | dvd the Troll Berserker began the quest for the Orb.
     0 | D:1      | Reached XP level 1. HP: 22/22 MP: 0/0
   137 | D:1      | Reached XP level 2. HP: 25/29 MP: 1/1
   906 | D:2      | Reached XP level 3. HP: 31/36 MP: 2/2
   987 | D:2      | Reached ** piety under Trog
  1151 | D:2      | Found a white marble altar of Elyvilon.
  1313 | D:2      | Reached XP level 4. HP: 44/44 MP: 3/3
  1562 | D:2      | Found a bloodstained altar of Trog.
  1729 | D:2      | Noticed Jessica
  1735 | D:2      | Killed Jessica
  1887 | D:3      | Reached XP level 5. HP: 46/52 MP: 4/4
  1956 | D:3      | Found a blossoming altar of Fedhas.
  2160 | D:3      | Found a glowing silver altar of Zin.
  2249 | D:3      | Reached *** piety under Trog
  2726 | D:4      | Reached XP level 6. HP: 61/61 MP: 5/5
  2845 | D:4      | Reached skill level 1 in Throwing
  3111 | D:5      | Entered Level 5 of the Dungeon
  3132 | D:5      | Slain by a centaur

Skill      XL: |  1  2  3  4  5  6 |
---------------+-------------------+-----
Maces & Flails | 3 4 |  4.1
Dodging        | 3 4 |  4.6
Fighting       | 3 |  3.1
Throwing       | 1 |  1.4
Stealth        | |  0.4

Action                   |  1- 3 |  4- 6 || total
-------------------------+-------+-------++-------
Melee: Mace              |   133 |   245 ||   378
Throw: Tomahawk          |       |    36 ||    36
       Stone             |       |     2 ||     2
Invok: Burn Spellbooks   |       |     1 ||     1
       Berserk           |       |     1 ||     1
Evoke: Wand              |       |     1 ||     1
  Eat: Chunk             |    12 |    22 ||    34
Armor: Animal skin       |    37 |    53 ||    90
Dodge: Dodged            |   117 |   272 ||   389
